 Dungeon Crawl Stone Soup version 0.31-a0-210-gccc998df9b (webtiles) character file.

Game seed: 10121570362055319652

1350 gelatine the Firebug (level 8, -5/57 HPs)
             Began as a Demonspawn Fire Elementalist on June 30, 2023.
             Slain by a culicivora (shapeshifter) (12 damage)
             ... on level 6 of the Dungeon.
             The game lasted 00:14:53 (6311 turns).

gelatine the Firebug (Demonspawn Fire Elementalist) Turns: 6311, Time: 00:14:53

Health: -5/57      AC:  3    Str:  8    XL:     8   Next: 36%
Magic:  3/16       EV: 12    Int: 19    God:
Gold:   307        SH:  0    Dex: 14    Spells: 11/17 levels left

rFire   . . .        d - +4 quarterstaff (chaos)
rCold   . . .        (shield currently unavailable)
rNeg    . . .        w - +3 leather armour
rPois   .            h - +0 helmet
rElec   .            z - scarf {repulsion}
rCorr   .            (no gloves)
SInv    .            (no boots)
Will    .....        (no amulet)
Stlth   ++           (no ring)
HPRegen 0.29/turn    (no ring)
MPRegen 0.30/turn

%: repel missiles
@: corroded
A: hooves 2, magic regeneration, demonic magic 1, weakness stinger 1
a: no special abilities


You were on level 6 of the Dungeon.
You visited 1 branch of the dungeon, and saw 6 of its levels.

You collected 307 gold pieces.

Inventory:

Hand Weapons
 d - a +4 quarterstaff of chaos (weapon)
 j - a +0 rapier
 y - a +3 sling
 B - a +0 short sword of freezing
Missiles
 x - a throwing net
Armour
 h - a +0 helmet (worn)
 w - a +3 leather armour (worn)
 z - a scarf of repulsion (worn)
 C - a +1 cloak
Wands
 r - a wand of charming (8)
 v - a wand of iceblast (6)
Scrolls
 c - 2 scrolls of teleportation {unknown}
 e - a scroll of fog {unknown}
 f - a scroll of enchant armour {unknown}
 i - 2 scrolls of silence {unknown}
 k - 2 scrolls of identify {unknown}
 n - 3 scrolls of amnesia {unknown}
 q - a scroll of fear {unknown}
 u - 2 scrolls of poison {unknown}
 A - a scroll of blinking {unknown}
Potions
 a - a potion of heal wounds
 g - a potion of degeneration {unknown}
 l - a potion of attraction {unknown}
 m - a potion of haste {unknown}
 o - 2 potions of berserk rage {unknown}
 p - a potion of ambrosia {unknown}
 s - 3 potions of enlightenment {unknown}
 t - a potion of cancellation {unknown}


   Skills:
 * Level 2.5 Fighting
 * Level 3.0 Short Blades
 * Level 2.8 Dodging
 + Level 2.2 Stealth
 * Level 5.4 Spellcasting
 * Level 3.2 Conjurations
 * Level 5.8 Fire Magic


You had 11 spell levels left.
You knew the following spells:

 Your Spells              Type           Power      Damage    Failure   Level
a - Foxfire               Conj/Fire      88%        2x1d8     2%          1
b - Scorch                Fire           54%        2d7       2%          2
c - Volatile Blastmotes   Fire/Tloc      32%        2d12      16%         3

Your spell library contained the following spells:

 Spells                   Type           Power      Damage    Failure   Level
 Inner Flame              Hex/Fire       16%        N/A       16%         3
 Beastly Appendage        Tmut           10%        N/A       17%         1
 Ensorcelled Hibernation  Hex/Ice        10%        N/A       26%         2
 Passwall                 Tmut/Erth      4%         N/A       26%         2
 Wereblood                Tmut           5%         N/A       26%         2
 Dazzling Flash           Conj/Hex       22%        N/A       26%         3
 Flame Wave               Conj/Fire      22%        2d8       26%         4
 Spider Form              Tmut/Pois      5%         N/A       45%         3
 Swiftness                Air            5%         N/A       45%         3
 Fireball                 Conj/Fire      11%        3d7       58%         5
 Iskenderun's Mystic Bla  Conj/Tloc      11%        2d4       65%         4
 Iskenderun's Battlesphe  Conj           17%        2d7       77%         5
 Starburst                Conj/Fire      11%        6d5       99%         6
 Conjure Ball Lightning   Conj/Air       5%         3x3d6     100%        6
 Orb of Destruction       Conj           8%         9d6       100%        7


Dungeon Overview and Level Annotations

Branches:
Dungeon (6/15)
 Temple: D:4-7

Altars:
Wu Jian


Innate Abilities, Weirdness & Mutations

You have hoof-like feet.
You regenerate magic rapidly.
Spells you cast may paralyse adjacent enemies.
You have a small tail.


Message History

The jelly hits you but does no damage. The orc hits you with a +0 falchion!
Unknown command.
Casting: Scorch (safe; 2% risk of failure)
Confirm with . or Enter, or press ? or * to list all spells.
Flames lash the orc.
You kill the orc!
Malevolent energies surge around you.
The adder suddenly stops moving!
You feel sick. The orc hits you but does no damage.
The jelly barely misses you.
The helpless adder fails to defend itself.
You hit the adder.
Nothing appears to happen.
You kick the adder, but do no damage. You tail-slap the adder.
The adder is moderately wounded.
You feel sick.
You are no longer poisoned.
The orc hits you from afar with a +0 trident.
The jelly completely misses you.
The helpless adder fails to defend itself.
You hit the adder. You kick the adder.
The adder is almost dead.
The orc hits you from afar with a +0 trident.
* * * LOW HITPOINT WARNING * * *
The jelly barely misses you.
The helpless adder fails to defend itself.
You hit the adder but do no damage.
The adder changes into a shapeshifter!
You tail-slap the shapeshifter, but do no damage.
The shapeshifter is lightly wounded.
The shapeshifter changes into a culicivora!
The jelly barely misses you. The orc misses you. The orc closely misses you.
The jelly hits you.
* * * LOW HITPOINT WARNING * * *
You are splashed with acid!
* * * LOW HITPOINT WARNING * * *
The orc barely misses you.
You hit the culicivora.
Lightning courses through the culicivora!!
Your tail-slap misses the culicivora.
The culicivora is heavily wounded.
The culicivora bites you!
You die...

...... .... ..)..
..... ...) #...###
..)##......#
#...+......#
...##o#.#.......
...........))o).......
.......####+#@s.......
.......#....J...#....
.....................#
.....................#
........##..###......#
........##.........###
.......<##...####.##
....###.......# ..# .
+..............


You could see a culicivora shaped shifter, a jelly and 2 orcs.

Vanquished Creatures
  Grinder (D:3)
  2 ogres (D:5)
  A phantom (D:4)
  Blork the orc (D:5)
  4 scorpions
  A howler monkey (D:5)
  A hound (D:5)
  A sleepcap (D:4)
  An orc priest (D:4)
  Crazy Yiuf (D:5)
  4 iguanas
  4 orc wizards
  4 gnolls
  7 adders
  A white imp (D:5)
  2 ufetubi
  2 worms
  2 dart slugs (D:1)
  25 orcs
  5 bats
  8 endoplasms
  8 giant cockroaches
  2 goblins
  9 hobgoblins
  9 jackals
  3 quokkas
  5 ball pythons
  3 frilled lizards (D:1)
  8 kobolds
  8 rats
133 creatures vanquished.

Vanquished Creatures (others)
  188 foxfires
188 creatures vanquished.

Grand Total: 321 creatures vanquished

Notes
Turn   | Place    | Note
-------+----------+-------------------------------------------
     0 | D:1      | gelatine the Demonspawn Fire Elementalist began the quest
                  | for the Orb.
     0 | D:1      | Reached XP level 1. HP: 13/13 MP: 3/3
   339 | D:1      | Discovered your monstrous ancestry.
   339 | D:1      | Gained mutation: You have large cloven feet. [demonic
                  | ancestry]
   339 | D:1      | Reached XP level 2. HP: 16/19 MP: 0/5
   601 | D:1      | Learned a level 2 spell: Scorch
  1030 | D:1      | Reached XP level 3. HP: 24/24 MP: 0/6
  1733 | D:2      | Reached skill level 1 in Short Blades
  1930 | D:2      | Reached XP level 4. HP: 31/31 MP: 2/7
  3150 | D:3      | Noticed Grinder
  3154 | D:3      | Killed Grinder
  3155 | D:3      | Reached skill level 1 in Fighting
  3155 | D:3      | Gained mutation: You regenerate magic rapidly. [demonic
                  | ancestry]
  3155 | D:3      | Reached XP level 5. HP: 37/37 MP: 1/10
  3155 | D:3      | Gained mutation: You have hoof-like feet. [demonic
                  | ancestry]
  3155 | D:3      | Reached XP level 6. HP: 43/43 MP: 1/11
  3999 | D:4      | Gained mutation: You have a small tail. [demonic ancestry]
  3999 | D:4      | Reached XP level 7. HP: 49/49 MP: 5/13
  5126 | D:5      | Entered Level 5 of the Dungeon
  5134 | D:5      | Reached skill level 5 in Fire Magic
  5174 | D:5      | Noticed Blork the orc
  5463 | D:5      | Killed Blork the orc
  5547 | D:5      | Reached skill level 5 in Spellcasting
  5547 | D:5      | Gained mutation: Spells you cast may paralyse adjacent
                  | enemies. [demonic ancestry]
  5547 | D:5      | Reached XP level 8. HP: 57/57 MP: 9/15
  6037 | D:5      | Found a runed translucent door.
  6038 | D:5      | Noticed Crazy Yiuf
  6173 | D:5      | Found an ornate altar of the Wu Jian Council.
  6214 | D:5      | Killed Crazy Yiuf
  6273 | D:6      | Learned a level 3 spell: Volatile Blastmotes
  6310 | D:6      | an adder changed into a shapeshifter
  6310 | D:6      | Noticed a shapeshifter (shapeshifter)
  6310 | D:6      | a shapeshifter changed into a culicivora
  6310 | D:6      | Noticed a culicivora (shapeshifter)
  6311 | D:6      | Slain by a culicivora (shapeshifter)

Illustrated notes

Levels and vault maps discovered:
D:1:      dpeg_arrival_renting, layout_basic, minmay_tree_intersection
D:2:      layout_loops_corners, basic_altar, nicolae_elevator_lobby_plus
D:3:      layout_basic, uniq_grinder
D:4:      minmay_thinvault, layout_layer_cave,
          hangedman_abyss_or_decor_jellyfish_corner
D:5:      layout_cave_pools, kennysheep_mini, uniq_crazy_yiuf_cottage,
          uniq_blork_the_orc
D:6:      minmay_inner_zag, layout_basic, mainiacjoe_overflow_catwalk,
          uniq_sigmund, uniq_eustachio

Skill      XL: |  1  2  3  4  5  6  7  8 |
---------------+-------------------------+-----
Fire Magic     | 3 4 5 |  5.8
Short Blades   | 1 2 3 |  3.0
Fighting       | 1 2 |  2.5
Dodging        | 2 |  2.8
Stealth        | 2 |  2.2
Spellcasting   | 3 4 5 |  5.4
Conjurations   | 2 3 |  3.2

Action                     |  1- 3 |  4- 6 |  7- 9 || total
---------------------------+-------+-------+-------++-------
  Melee: Unarmed           |     2 |       |       ||     2
         Short sword       |    12 |    26 |     5 ||    43
         Kick              |     6 |    14 |    10 ||    30
         Rapier            |       |    15 |    13 ||    28
         Tailslap          |       |       |     3 ||     3
         Quarterstaff      |       |       |    11 ||    11
   Cast: Foxfire           |    50 |     7 |    55 ||   112
         Scorch            |    12 |    46 |    77 ||   135
    Use: Potion            |       |     3 |     1 ||     4
   Stab: Paralysed         |       |       |     6 ||     6
 Armour: Robe              |     3 |     8 |     7 ||    18
         Leather armour    |       |       |    10 ||    10
  Dodge: Dodged            |    15 |    38 |    47 ||   100

Table legend: (Time is in decaauts)
 A = Elapsed time spent in this place.
 B = Non-inter-level travel time spent in this place.
 C = Inter-level travel time spent in this place.
 D = Time resting spent in this place.
 E = Time spent auto-exploring this place.
 F = Levels seen in this place.
 G = Mean time per level.
                   A        B        C        D        E       F      G
               +--------+--------+--------+--------+--------+-----+--------+
         Total |   6314 |   6058 |    256 |      0 |   5166 |   6 | 1052.3 |
       Dungeon |   6314 |   6058 |    256 |      0 |   5166 |   6 | 1052.3 |
               +--------+--------+--------+--------+--------+-----+--------+

Top non-repeatable levels by time:
     D:4: 1660 daAuts
     D:2: 1397 daAuts
     D:1: 1386 daAuts
     D:3: 943 daAuts
     D:5: 881 daAuts
     D:6: 45 daAuts
